 Dungeon Crawl Stone Soup version 0.32-a0-986-ga09f62fbf4 (webtiles) character file.

Game seed: 9011849439639536661

85 elagabalus the Chiller (level 4, 31/32 HPs)
             Began as a Gnoll Ice Elementalist on Apr 22, 2024.
             Quit the game on level 2 of the Dungeon.
             The game lasted 00:07:13 (989 turns).

elagabalus the Chiller (Gnoll Ice Elementalist)      Turns: 989, Time: 00:07:13

Health: 31/32      AC:  2    Str:  7    XL:     4   Next: 48%
Magic:  2/11       EV: 12    Int: 16    God:
Gold:   131        SH:  0    Dex: 13    Spells: 6/13 levels left

rFire   . . .        e - +0 short sword
rCold   . . .        (no shield)
rNeg    . . .        a - +0 robe
rPois   .            (no helmet)
rElec   .            (no cloak)
rCorr   .            (no gloves)
SInv    .            (no boots)
Will    .....        (no amulet)
Stlth   +++          (no ring)
HPRegen 0.25/turn    (no ring)
MPRegen 0.12/turn

%: no passive effects
@: very slightly contaminated
A: fangs 1, strong nose, distributed training
a: no special abilities


You were on level 2 of the Dungeon.
You visited 1 branch of the dungeon, and saw 2 of its levels.

You collected 131 gold pieces.

Inventory:

Hand Weapons
 e - a +0 short sword (weapon)
Missiles
 f - 24 stones
Armour
 a - a +0 robe (worn)
Scrolls
 g - 2 scrolls of fog
 h - a scroll of poison {unknown}
 i - 2 scrolls of fear
Potions
 b - a potion of magic
 c - a potion of curing {unknown}
 d - 2 potions of berserk rage
 j - a potion of haste {unknown}
 k - a potion of enlightenment {unknown}


   Skills:
 + Level 1.2 Fighting
 + Level 1.2 Short Blades
 + Level 1.2 Long Blades
 + Level 1.2 Axes
 + Level 1.2 Maces & Flails
 + Level 1.2 Polearms
 + Level 1.2 Staves
 + Level 1.2 Ranged Weapons
 + Level 1.2 Throwing
 + Level 1.2 Armour
 + Level 4.6 Dodging
 + Level 4.3 Stealth
 + Level 1.2 Shields
 + Level 1.2 Unarmed Combat
 + Level 5.1 Spellcasting
 + Level 1.0 Conjurations
 + Level 1.0 Hexes
 + Level 1.0 Summonings
 + Level 1.0 Necromancy
 + Level 1.0 Translocations
 + Level 1.0 Fire Magic
 + Level 7.1 Ice Magic
 + Level 1.0 Air Magic
 + Level 1.0 Earth Magic
 + Level 1.0 Alchemy
 + Level 1.3 Invocations
 + Level 1.2 Evocations
 + Level 1.1 Shapeshifting


You had 6 spell levels left.
You knew the following spells:

 Your Spells              Type           Power      Damage    Failure   Level
a - Freeze                Ice            100%       1d10      1%          1
b - Frozen Ramparts       Ice            54%        1d9       2%          3
c - Ozocubu's Armour      Ice            27%        N/A       2%          3

Your spell library contained the following spells:

 Spells                   Type           Power      Damage    Failure   Level
 Summon Ice Beast         Ice/Summ       17%        N/A       9%          3


Dungeon Overview and Level Annotations

Branches:
Dungeon (2/15)

Altars:


Innate Abilities, Weirdness & Mutations

You have very sharp teeth.
Your uncanny sense of smell can sniff out nearby items.
Your experience applies equally to all skills.


Message History

j - a clear potion
f - 24 stones (gained 3)
A giant cockroach and a kobold come into view.
Found a stone staircase leading down.
The kobold shouts!
A quokka comes into view.
The kobold hits you but does no damage.
Found a ring mail.
The kobold attacks as it pursues you! The kobold closely misses you.
Found a stone staircase leading up.
The kobold attacks as it pursues you! The kobold misses you.
Found a stone staircase leading down.
The kobold attacks as it pursues you! The kobold closely misses you.
Casting: Freeze (safe; 1% risk of failure)
Confirm with . or Enter, or press ? or * to list all spells.
Casting: Frozen Ramparts (dangerous; 2% risk of failure)
Press: ? - help, Dir - look around, f - activate You miscast Frozen Ramparts.
You are very lightly contaminated with residual magic.
Nothing appears to happen.
The kobold closely misses you.
Casting: Frozen Ramparts (dangerous; 2% risk of failure)
Confirm with . or Enter, or press ? or * to list all spells.
Casting: Frozen Ramparts (dangerous; 2% risk of failure)
Press: ? - help, Dir - look around, f - activate The walls around you are covered in ice.
The wall freezes the giant cockroach but does no damage.
The giant cockroach bites you but does no damage.
The wall freezes the quokka!
You kill the quokka!
The wall freezes the kobold but does no damage.
The kobold hits you with a +0 club.
The wall freezes the giant cockroach.
You kill the giant cockroach!
The wall freezes the kobold!
You kill the kobold!
The frozen ramparts melt away as you move.
Saving game... please wait.
Welcome back, elagabalus the Gnoll Ice Elementalist.
Press ? for a list of commands and other information.
Are you sure you want to abandon this character and quit the game? (Confirm with "yes".)

##....................#
#......................
#.............#.....#..
#.......###..########..
##.....####.#########..
##........#............
#.......#..............
#.......#..............
#>....@.#.r............
##......#.............#
##...#.)...[..........
#######.............#
#..........)...
*#.#.<..)...†.).
*..###########†. *..#
#.. *..#* #..


There were no monsters in sight!

Vanquished Creatures
  3 adders (D:2)
  A ribbon worm (D:2)
  11 ball pythons
  6 endoplasms
  4 giant cockroaches
  2 hobgoblins
  A jackal (D:2)
  5 quokkas
  7 bats
  A frilled lizard (D:2)
  2 goblins (D:2)
  4 kobolds
  4 rats (D:1)
51 creatures vanquished.

Notes
Turn   | Place    | Note
-------+----------+-------------------------------------------
     0 | D:1      | elagabalus the Gnoll Ice Elementalist began the quest for
                  | the Orb.
     0 | D:1      | Reached XP level 1. HP: 13/13 MP: 6/6
   178 | D:1      | Reached XP level 2. HP: 19/19 MP: 5/7
   601 | D:2      | Reached skill level 5 in Spellcasting
   601 | D:2      | Reached XP level 3. HP: 14/25 MP: 6/9
   719 | D:2      | Reached skill level 1 in Invocations
   748 | D:2      | Reached skill level 1 in Fighting
   748 | D:2      | Reached skill level 1 in Short Blades
   748 | D:2      | Reached skill level 1 in Long Blades
   748 | D:2      | Reached skill level 1 in Axes
   748 | D:2      | Reached skill level 1 in Maces & Flails
   748 | D:2      | Reached skill level 1 in Polearms
   748 | D:2      | Reached skill level 1 in Staves
   748 | D:2      | Reached skill level 1 in Ranged Weapons
   748 | D:2      | Reached skill level 1 in Throwing
   748 | D:2      | Reached skill level 1 in Armour
   748 | D:2      | Reached skill level 1 in Shields
   748 | D:2      | Reached skill level 1 in Unarmed Combat
   748 | D:2      | Reached skill level 1 in Evocations
   795 | D:2      | Reached skill level 1 in Shapeshifting
   795 | D:2      | Reached XP level 4. HP: 8/32 MP: 4/11
   807 | D:2      | Learned a level 3 spell: Frozen Ramparts
   811 | D:2      | Learned a level 3 spell: Ozocubu's Armour
   931 | D:2      | Reached skill level 1 in Conjurations
   931 | D:2      | Reached skill level 1 in Hexes
   931 | D:2      | Reached skill level 1 in Summonings
   931 | D:2      | Reached skill level 1 in Necromancy
   931 | D:2      | Reached skill level 1 in Translocations
   931 | D:2      | Reached skill level 1 in Fire Magic
   931 | D:2      | Reached skill level 1 in Air Magic
   931 | D:2      | Reached skill level 1 in Earth Magic
   931 | D:2      | Reached skill level 1 in Alchemy
   989 | D:2      | Quit the game

Illustrated notes

Levels and vault maps discovered:
D:1:      psy_arrival_spokes, layout_basic
D:2:      wad_river_or_something, layout_rooms

Skill      XL: |  1  2  3  4 |
---------------+-------------+-----
Spellcasting   | 5 |  5.1
Invocations    | 1 |  1.3
Fighting       | 1 |  1.2
Short Blades   | 1 |  1.2
Long Blades    | 1 |  1.2
Axes           | 1 |  1.2
Maces & Flails | 1 |  1.2
Polearms       | 1 |  1.2
Staves         | 1 |  1.2
Ranged Weapons | 1 |  1.2
Throwing       | 1 |  1.2
Armour         | 1 |  1.2
Shields        | 1 |  1.2
Unarmed Combat | 1 |  1.2
Evocations     | 1 |  1.2
Shapeshifting  | 1 |  1.1
Conjurations   | 1 |  1.0
Hexes          | 1 |  1.0
Summonings     | 1 |  1.0
Necromancy     | 1 |  1.0
Translocations | 1 |  1.0
Fire Magic     | 1 |  1.0
Air Magic      | 1 |  1.0
Earth Magic    | 1 |  1.0
Alchemy        | 1 |  1.0
Dodging        | |  4.6
Stealth        | |  4.3
Ice Magic      | |  7.1

Action                     |  1- 3 |  4- 6 || total
---------------------------+-------+-------++-------
  Melee: Unarmed           |     3 |       ||     3
         Short sword       |     4 |       ||     4
         Bite              |     1 |       ||     1
   Cast: Freeze            |    51 |    11 ||    62
         Frozen Ramparts   |       |     3 ||     3
         Ozocubu's Armour  |       |     1 ||     1
    Use: Scroll            |     7 |       ||     7
 Armour: Robe              |    38 |    14 ||    52
  Dodge: Dodged            |    38 |    16 ||    54

Table legend: (Time is in decaauts)
 A = Elapsed time spent in this place.
 B = Non-inter-level travel time spent in this place.
 C = Inter-level travel time spent in this place.
 D = Time resting spent in this place.
 E = Time spent auto-exploring this place.
 F = Levels seen in this place.
 G = Mean time per level.
                   A        B        C        D        E       F      G
               +--------+--------+--------+--------+--------+-----+--------+
         Total |    990 |    965 |     25 |      0 |      0 |   2 |  495.0 |
       Dungeon |    990 |    965 |     25 |      0 |      0 |   2 |  495.0 |
               +--------+--------+--------+--------+--------+-----+--------+

Top non-repeatable levels by time:
     D:1: 572 daAuts
     D:2: 418 daAuts
